 Dungeon Crawl Stone Soup version 0.17-a0-1554-g3b847ca (webtiles) character file.

211 urechis the Cudgeler (level 5, -2/55 HPs)
             Began as an Ogre Gladiator on July 19, 2015.
             Slain by an orc
             ... wielding a +0 flail
              (6 damage)
             ... on level 4 of the Dungeon.
             The game lasted 00:04:27 (3002 turns).

urechis the Cudgeler (Ogre Gladiator)               Turns: 3002, Time: 00:04:28

Health: -2/55      AC:  4    Str: 21    XL:     5   Next: 88%
Magic:  5/5        EV: 10    Int:  7    God:
Gold:   183        SH:  0    Dex: 10    Spells: 0 memorised, 4 levels left

rFire  . . .     SeeInvis .     a - +0 flail
rCold  . . .     Clarity  .     b - +0 robe
rNeg   . . .     SustAt   .     (no shield)
rPois  .         Gourm    .     c - +0 hat
rElec  .         Spirit   .     p - +0 cloak
rCorr  .         Warding  .     (gloves unavailable)
rMut   .         Stasis   .     (boots unavailable)
MR     .....                    (no amulet)
Stlth  +.........               (no ring)
                                (no ring)

@: not resistant to hostile enchantments, very unstealthy
A: unfitting armour, tough skin 1
a: no special abilities


You were on level 4 of the Dungeon.
You were not hungry.

You visited 1 branch of the dungeon, and saw 4 of its levels.

You collected 183 gold pieces.

Inventory:

Hand weapons
 a - a +0 flail (weapon)
 x - a +0 giant spiked club
Missiles
 e - 3 throwing nets
 s - 3 tomahawks (quivered)
 w - 6 large rocks
Armour
 b - a +0 robe (worn)
 c - a +0 hat (worn)
 p - a +0 cloak (worn)
Jewellery
 i - an uncursed amulet of the gourmand {unknown}
 r - a +4 ring of dexterity {unknown}
Scrolls
 h - a scroll of enchant armour {unknown}
 k - a scroll of immolation {unknown}
 l - 2 scrolls of identify {unknown}
 m - a scroll of noise {unknown}
 q - 2 scrolls of teleportation {unknown}
 t - a scroll of fear {unknown}
 u - a scroll of fog {unknown}
Potions
 g - a potion of haste {unknown}
 j - a potion of brilliance {unknown}
 n - a potion of curing
 o - a potion of heal wounds {unknown}
 v - a potion of degeneration {unknown}
Comestibles
 d - 4 bread rations
 f - 3 meat rations
 z - 2 chunks of flesh


   Skills:
 + Level 4.8 Fighting
 * Level 7.3 Maces & Flails
 - Level 2.1 Throwing
 - Level 2.6 Dodging


You had 4 spell levels left.
You didn't know any spells.

Dungeon Overview and Level Annotations

Branches:
Dungeon (4/15)
 Temple: D:4-7

Altars:

Annotations:
D:3 urechis's ghost, weakling OgGl


Innate Abilities, Weirdness & Mutations

You are too large for most types of armour.
You have tough skin (AC +1).


Message History

You bump into the rock wall.
You hear some strange, mumbled words.
A magic dart appears from out of thin air!
The magic dart hits you!
* * * LOW HITPOINT WARNING * * *
The orc throws a stone.
The stone hits you.
* * * LOW HITPOINT WARNING * * *
Drink which item? (? for menu, Esc to quit)
It was a potion of curing.
You feel better.
You hear some strange, mumbled words.
Something tries to affect you, but you resist.
The orc throws a stone.
The stone hits you.
* * * LOW HITPOINT WARNING * * *
You hit something.
Reactivating autopickup.
You feel a bit more experienced.
The orc throws a stone.
The stone hits you.
* * * LOW HITPOINT WARNING * * *
You barely miss the orc. The orc barely misses you.
You barely miss the orc. The orc hits you with a flail.
You die...

##.#.##
##.###.############## #.##
##..........<..#
##.###.############.#
######.#.## #.#
...........# #.#
##.##.##.#.#
#######.######
#.##.#.######.............
#....†.oo@........#.#####.
#....#.o#####...#.#.#
........(o........#.#.##
###.####................
#. ...#............. #
.##.#.####..#.#.#. #.
#.#.# #..#.#.#. #.
#.#.####........ # #
##.##...............


You could see 3 orcs.

Vanquished Creatures
  An ogre (D:4)
  An orc wizard (D:4)
  4 adders
  2 worms
  A giant gecko (D:4)
  11 orcs (D:3)
  9 bats
  2 giant cockroaches
  6 hobgoblins
  7 jackals
  11 kobolds
  A quokka (D:3)
  2 ball pythons
  3 giant newts
  9 goblins
  5 rats
75 creatures vanquished.

Notes
Turn   | Place    | Note
--------------------------------------------------------------
     0 | D:1      | urechis the Ogre Gladiator began the quest for the Orb.
     0 | D:1      | Reached XP level 1. HP: 22/22 MP: 1/1
    65 | D:1      | Reached XP level 2. HP: 23/29 MP: 2/2
   189 | D:1      | Reached skill level 5 in Maces & Flails
   450 | D:1      | Reached XP level 3. HP: 27/37 MP: 3/3
  1561 | D:3      | Reached XP level 4. HP: 37/45 MP: 4/4
  1696 | D:3      | Reached skill level 6 in Maces & Flails
  1896 | D:3      | Noticed urechis's ghost (weakling OgGl)
  2306 | D:3      | Reached XP level 5. HP: 30/54 MP: 5/5
  2817 | D:4      | Noticed an ogre
  2831 | D:4      | Killed an ogre
  2831 | D:4      | Reached skill level 7 in Maces & Flails
  2998 | D:4      | HP: 2/55 [orc/stone (1)]
  3002 | D:4      | Slain by an orc

Vault maps used:
D:1:      dpeg_arrival_rooms_with_view
D:3:      kennysheep_generic_room_5
D:4:      kennysheep_goblin_castle, first_bread

Action                   |  1- 3 |  4- 6 || total
-------------------------+-------+-------++-------
Melee: Flail             |   130 |   116 ||   246
Throw: Tomahawk          |       |     2 ||     2
  Use: Potion            |       |     1 ||     1
  Eat: Chunk             |     2 |     5 ||     7
